 Dungeon Crawl Stone Soup version 0.31.0-32-g396128a36d (webtiles) character file.

Game seed: 2936034787005438880

25129 MollyMolluskus the Brawler (level 13, -1/97 HPs)
             Began as an Octopode Fighter on Apr 4, 2024.
             Was a High Priest of Wu Jian.
             Constricted to death by Jorgrun (7 damage)
             ... while petrified by Jorgrun
             ... on level 13 of the Dungeon on Apr 5, 2024.
             The game lasted 00:44:33 (11073 turns).

MollyMolluskus the Brawler (Octopode Fighter)      Turns: 11073, Time: 00:44:34

Health: -1/97      AC:  1    Str: 31    XL:     13   Next: 17%
Magic:  13/13      EV: -1    Int: 11    God:    Wu Jian [*****.]
Gold:   397        SH:  0    Dex: 12    Spells: 12/12 levels left

rFire   . .          .
                       - Unarmed
rCold   . . .        a - +2 buckler
rNeg    + + +        (helmet restricted)
rPois   ∞            b - amulet of reflection
rElec   .            i - +6 ring of strength
rCorr   +            l - +5 ring of evasion
SInv    +            s - +5 ring of evasion
Will    .....        w - ring "Joorezok" {rCorr SInv}
Stlth   +++          x - +6 ring of strength
HPRegen 0.36/turn    (no ring)
MPRegen 0.13/turn    (no ring)
                     (no ring)

%: reflection
@: petrified, grasped by roots, constricted
A: almost no armour, amphibious, 8 rings, camouflage 1, gelatinous body 1,
(nimble swimmer 1), tentacles
a: Renounce Religion, Wall Jump, Serpent's Lash, Heavenly Storm


You were on level 13 of the Dungeon.
You worshipped Wu Jian.
Wu Jian was extremely pleased with you.
You visited 2 branches of the dungeon, and saw 14 of its levels.

You collected 1223 gold pieces.
You spent 826 gold pieces at shops.

Inventory:

Missiles
 e - 9 poisoned darts
 h - 12 boomerangs (quivered)
 m - 2 throwing nets
Armour
 a - a +2 buckler (worn)
Jewellery
 b - an amulet of reflection (around mantle)
 i - a +6 ring of strength (left tentacle)
 l - a +5 ring of evasion (right tentacle)
 s - a +5 ring of evasion (on tentacle)
 w - the ring "Joorezok" (on tentacle) {rCorr SInv}
   (You bought it in a shop on level 10 of the Dungeon)

   [ring of see invisible]

   SInv:      It lets you see invisible.
   rCorr:     It protects you from acid and corrosion.
 x - a +6 ring of strength (on tentacle)
Wands
 n - a wand of roots (3)
 r - a wand of charming (19)
 u - a wand of flame (16)
Scrolls
 d - 5 scrolls of immolation
 f - 2 scrolls of teleportation
 g - 5 scrolls of fog
Potions
 j - 5 potions of enlightenment
 k - a potion of ambrosia
 o - a potion of curing
 p - a potion of invisibility
 t - a potion of haste


   Skills:
 + Level 12.3 Fighting
 - Level 8.0 Dodging
 - Level 4.0 Stealth
 - Level 4.0 Shields
 * Level 16.4 Unarmed Combat


You had 12 spell levels left.
You didn't know any spells.
Your spell library contained the following spells:

 Spells                   Type           Power      Damage    Failure   Level
 Slow                     Hex            0%         N/A       38%         1
 Confusing Touch          Hex            0%         N/A       77%         3
 Dazzling Flash           Conj/Hex       0%         N/A       77%         3
 Frozen Ramparts          Ice            0%         1d1       77%         3
 Sigil of Binding         Hex            0%         N/A       77%         3
 Vampiric Draining        Necr           0%         2d6       77%         3
 Volatile Blastmotes      Fire/Tloc      0%         2d10      77%         3
 Leda's Liquefaction      Alch/Erth      0%         N/A       99%         4
 Petrify                  Alch/Erth      0%         N/A       99%         4
 Alistair's Intoxication  Alch           0%         N/A       100%        5
 Borgnjor's Vile Clutch   Necr/Erth      0%         N/A       100%        5
 Metabolic Englaciation   Hex/Ice        0%         N/A       100%        5
 Eringya's Noxious Bog    Alch           0%         4d6       100%        6
 Starburst                Conj/Fire      0%         6d3       100%        6
 Maxwell's Capacitive Co  Air            0%         ∞         100%        8


Dungeon Overview and Level Annotations

Branches:
Dungeon (14/15)            Temple (1/1) D:5            Lair (0/5) D:8
    Orc (0/2) D:10
 Vaults: D:13-14

Altars:
Ashenzari
Cheibriados
Dithmenos
Elyvilon
Fedhas
Gozag
Hepliaklqana
Kikubaaqudgha
Makhleb
Nemelex Xobeh
Okawaru
Qazlal
Ru
Sif Muna
Trog
Uskayaw
Vehumet
Wu Jian
Xom
Yredelemnul
Zin
The Shining One

Shops:
D:10 =

Portals:
Abyss: D:10

Annotations:
D:3 2 transporters, jimmypageman's ghost, amateur MiFi
D:7 1 runed translucent door, Consumeair16's ghost, novice DsGl
D:8 3 runed translucent doors, TacoSundae's ghost, novice VSSh
D:10 2 transporters, jimmypageman's ghost, journeyman MiFi
D:11 Josephine
D:13 Jorgrun


Innate Abilities, Weirdness & Mutations

You cannot wear most types of armour.
You are amphibious.
You can wear up to eight rings at the same time.
Your skin changes colour to match your surroundings (Stealth+).
Your rubbery body absorbs attacks. (AC +1, EV +1)
((You are camouflaged when in or above water. (Stealth+)))
You have tentacles for arms and can constrict up to eight enemies at once.


Message History

Cornered, the ogre turns to fight!
Your limbs are stiffening.
Unknown command.
Unknown command.
The vampire mosquito misses you.
The vampire mosquito closely misses you.
You have turned to stone.
The sentinel's mark upon you fades away.
A vampire mosquito comes into view.
The vampire mosquito bites you!
A vampire mosquito comes into view.
The vampire mosquito completely misses you.
The vampire mosquito bites you. x2
The vampire mosquito bites you! x2; The vampire mosquito bites you.
Jorgrun hits you with a staff of earth!!
The ground beneath you fractures!! The vampire mosquito barely misses you.
The vampire mosquito bites you. x2
The vampire mosquito bites you! The vampire mosquito bites you. x2
The vampire mosquito bites you but does no damage.
Jorgrun gestures at you while chanting. The iron shot hits you!!
* * * LOW HITPOINT WARNING * * *
The vampire mosquito bites you.
* * * LOW HITPOINT WARNING * * *
The vampire mosquito bites you.
* * * LOW HITPOINT WARNING * * *
The vampire mosquito bites you.
* * * LOW HITPOINT WARNING * * *
The vampire mosquito bites you.
* * * LOW HITPOINT WARNING * * *
The vampire mosquito bites you. x2
* * * LOW HITPOINT WARNING * * *
The vampire mosquito bites you.
* * * LOW HITPOINT WARNING * * *
The vampire mosquito bites you.
Jorgrun says, "'tis place shall be yer tomb!"
Jorgrun points at you and mumbles some strange words.
Roots burst forth from the earth!
The grasping roots grab you! The grasping roots constrict you!
You die...

**,,,,,,** ##........**
#.........,* #.........,*
#.<.......,* #.........,*
*****######.........,*
**,,,,.$....y........**
****,,***..##..y@.......,*
,,,,,,,,,......ygy......,*
******,,,.....#OO.......,*
*****,,,,####,#.........,*
,,,,,,,,,,,,,...O.......,*
,,,**,******###.O......[**
,*,,,,* ##.......#*
**,,*** ##.###### ,*,**
#.#


You could see Jorgrun, 4 vampire mosquitoes and 4 ogres.

Vanquished Creatures
  Harold (D:9)
  Fannar (D:10)
  A boulder beetle (D:11)
  4 two-headed ogres
  Sonja (D:10)
  A skeletal warrior (D:11)
  A necromancer (D:11)
  A deep elf pyromancer (D:8)
  A manticore (D:8)
  11 centaur zombies (D:11)
  2 gargoyles
  2 centaur skeletons (D:11)
  An unseen horror (D:10)
  Maggie (D:9)
  2 komodo dragons
  Psyche (D:8)
  Jeremiah (D:9)
  A troll (D:8)
  2 hornets (D:10)
  Prince Ribbit (D:9)
  Sigmund (D:3)
  4 shadows (D:11)
  3 wraiths
  20 yaks
  2 wyverns (D:8)
  A basilisk (D:8)
  2 vampire mosquitoes
  4 steam dragons (D:8)
  2 water moccasins
  An acid dragon (D:11)
  A swamp drake (D:10)
  2 black bears
  3 ice beasts
  Pargi (D:3)
  6 orc warriors
  2 laughing skulls (D:11)
  5 sky beasts
  4 ogres
  7 centaurs
  A phantom (D:5)
  5 bullfrogs
  2 scorpions
  2 gnoll sergeants
  20 wights
  A burial acolyte (D:5)
  2 howler monkeys (D:8)
  3 jellies
  A hound (D:6)
  2 gnoll boudas
  6 orc priests
  A sleepcap (D:6)
  Terence (D:3)
  10 iguanas
  16 orc wizards
  11 gnolls
  10 adders
  2 shadow imps
  3 white imps
  2 ufetubi (D:7)
  2 dart slugs
  3 ribbon worms
  52 orcs
  5 endoplasms
  3 giant cockroaches
  8 goblins
  5 hobgoblins
  3 quokkas
  12 ball pythons
  5 bats
  3 frilled lizards (D:1)
  3 jackal zombies (D:5)
  5 kobolds
  8 rats
326 creatures vanquished.

Notes
Turn   | Place    | Note
-------+----------+-------------------------------------------
     0 | D:1      | MollyMolluskus the Octopode Fighter began the quest for the
                  | Orb.
     0 | D:1      | Reached XP level 1. HP: 16/16 MP: 1/1
    88 | D:1      | Reached XP level 2. HP: 21/21 MP: 2/2
   183 | D:1      | Reached skill level 1 in Stealth
   649 | D:1      | Reached XP level 3. HP: 26/26 MP: 3/3
  1566 | D:3      | Reached skill level 3 in Unarmed Combat
  1566 | D:3      | Reached XP level 4. HP: 31/31 MP: 4/4
  1570 | D:3      | Found a transporter.
  1573 | D:3      | Found a transporter.
  1573 | D:3      | Noticed jimmypageman's ghost (amateur MiFi)
  1698 | D:3      | Noticed Pargi
  1705 | D:3      | Killed Pargi
  1706 | D:3      | Reached XP level 5. HP: 31/37 MP: 5/5
  1755 | D:3      | Noticed Sigmund
  1767 | D:3      | Killed Sigmund
  1768 | D:3      | Reached skill level 4 in Unarmed Combat
  1768 | D:3      | Reached XP level 6. HP: 37/43 MP: 6/6
  2015 | D:3      | Noticed Terence
  2018 | D:3      | Found a burning altar of Makhleb.
  2022 | D:3      | Killed Terence
  2066 | D:3      | Identified the +0 robe "Tuhusmi" {rElec rN+}
  2498 | D:4      | Reached XP level 7. HP: 48/48 MP: 7/7
  2546 | D:4      | Reached skill level 5 in Unarmed Combat
  3137 | D:5      | Entered Level 5 of the Dungeon
  3195 | D:5      | Found a basalt altar of Yredelemnul.
  3221 | D:5      | Reached skill level 5 in Fighting
  3221 | D:5      | Reached XP level 8. HP: 55/55 MP: 8/8
  3297 | D:5      | Reached skill level 5 in Dodging
  3297 | D:5      | Reached skill level 6 in Unarmed Combat
  3614 | D:5      | Found a staircase to the Ecumenical Temple.
  3628 | Temple   | Entered the Ecumenical Temple
  3641 | Temple   | Became a worshipper of the Wu Jian Council
  3735 | D:5      | Reached skill level 7 in Unarmed Combat
  3737 | D:5      | Found an ancient bone altar of Kikubaaqudgha.
  4370 | D:6      | Found a hide-covered altar of Uskayaw.
  4454 | D:6      | Noticed a yak
  4455 | D:6      | Noticed a yak
  4460 | D:6      | Reached XP level 9. HP: 55/62 MP: 9/9
  4473 | D:6      | Reached skill level 8 in Unarmed Combat
  4722 | D:6      | Found a broken altar of Ashenzari.
  4737 | D:6      | Found a sparkling altar of Nemelex Xobeh.
  4835 | D:6      | Reached skill level 9 in Unarmed Combat
  5096 | D:6      | Found a shimmering altar of Xom.
  5096 | D:6      | Found a sacrificial altar of Ru.
  5173 | D:6      | Reached * piety under Wu Jian
  5506 | D:7      | Reached XP level 10. HP: 71/71 MP: 10/10
  5686 | D:7      | Reached skill level 10 in Unarmed Combat
  5962 | D:7      | Reached ** piety under Wu Jian
  6113 | D:7      | Found a runed translucent door.
  6114 | D:7      | Noticed Consumeair16's ghost (novice DsGl)
  6476 | D:8      | Found a runed translucent gate.
  6476 | D:8      | Found a runed translucent gate.
  6476 | D:8      | Found a runed translucent gate.
  6484 | D:8      | Noticed a spectral unseen horror
  6485 | D:8      | Noticed TacoSundae's ghost (novice VSSh)
  6518 | D:8      | Noticed Psyche
  6519 | D:8      | Found a staircase to the Lair.
  6530 | D:8      | Noticed a gargoyle
  6535 | D:8      | Noticed a deep elf pyromancer
  6538 | D:8      | Killed a gargoyle
  6539 | D:8      | Reached skill level 11 in Unarmed Combat
  6683 | D:8      | Found a blossoming altar of Fedhas.
  6725 | D:8      | Killed Psyche
  6860 | D:8      | Reached XP level 11. HP: 62/78 MP: 11/11
  7064 | D:8      | Reached skill level 12 in Unarmed Combat
  7096 | D:8      | Killed a deep elf pyromancer
  7120 | D:8      | Noticed a manticore
  7122 | D:8      | Noticed a two-headed ogre
  7131 | D:8      | HP: 3/80 [manticore (12)]
  7134 | D:8      | Killed a manticore
  7217 | D:8      | Reached *** piety under Wu Jian
  7480 | D:8      | Killed a two-headed ogre
  7583 | D:8      | Identified the +1 mace of the Unspeakable One {chaos, rF+
                  | Str+2 Dex-2 SInv}
  8120 | D:9      | Noticed Jeremiah
  8122 | D:9      | Killed Jeremiah
  8123 | D:9      | Reached skill level 13 in Unarmed Combat
  8144 | D:9      | Identified a scroll of acquirement
  8144 | D:9      | Acquired 493 gold pieces
  8168 | D:9      | Noticed Maggie
  8176 | D:9      | Killed Maggie
  8353 | D:9      | Noticed Harold
  8357 | D:9      | Found an iron altar of Okawaru.
  8364 | D:9      | Killed Harold
  8365 | D:9      | Reached skill level 10 in Fighting
  8673 | D:9      | Noticed Prince Ribbit
  8681 | D:9      | Killed Prince Ribbit
  8984 | D:10     | Entered Level 10 of the Dungeon
  9116 | D:10     | Noticed a two-headed ogre
  9123 | D:10     | Killed a two-headed ogre
  9124 | D:10     | Reached XP level 12. HP: 54/88 MP: 12/12
  9323 | D:10     | Noticed an occultist
  9336 | D:10     | Noticed Fannar
  9348 | D:10     | Killed Fannar
  9349 | D:10     | Reached skill level 14 in Unarmed Combat
  9436 | D:10     | Noticed a two-headed ogre
  9436 | D:10     | Noticed a two-headed ogre
  9469 | D:10     | Found Maosegela's Jewellery Emporium.
  9480 | D:10     | Killed a two-headed ogre
  9480 | D:10     | Reached **** piety under Wu Jian
  9482 | D:10     | Killed a two-headed ogre
  9581 | D:10     | Bought the ring "Joorezok" {rCorr SInv} for 358 gold pieces
  9581 | D:10     | Bought a +6 ring of strength for 468 gold pieces
  9700 | D:10     | Found a transporter.
  9701 | D:10     | Found a transporter.
  9706 | D:10     | Noticed jimmypageman's ghost (journeyman MiFi)
  9747 | D:10     | Paralysed by a hornet for 1 turns
  9858 | D:10     | Noticed Sonja
  9866 | D:10     | Killed Sonja
  9868 | D:10     | Found a staircase to the Orcish Mines.
  9883 | D:10     | Identified the +0 animal skin of Instinct {Str+3 Int+3}
  9886 | D:10     | Reached skill level 15 in Unarmed Combat
  9933 | D:11     | Noticed Josephine
 10225 | D:10     | Found a one-way gate to the infinite horrors of the Abyss.
 10356 | D:11     | Noticed a boulder beetle
 10366 | D:11     | Killed a boulder beetle
 10761 | D:11     | Reached skill level 16 in Unarmed Combat
 10761 | D:11     | Reached XP level 13. HP: 97/97 MP: 13/13
 10777 | D:11     | Reached ***** piety under Wu Jian
 10933 | D:11     | You fall into a shaft and drop 3 floors!
 11052 | D:13     | Noticed Jorgrun
 11073 | D:13     | Constricted to death by Jorgrun

Illustrated notes

Levels and vault maps discovered:
D:1:      minmay_arrival_arboretum_large, layout_basic
D:2:      layout_loops_ring, chequers_serial_rivers_micro_c,
          kennysheep_minor_cross
D:3:      layout_loops_ring, bloody_makhleb, gammafunk_ghost_arena,
          minmay_misc_feat_four_crosses, uniq_pargi, uniq_terence, uniq_sigmund
D:4:      layout_loops_ring
D:5:      layout_basic, kennysheep_little_box,
          lemuel_zombie_altar_kikubaaqudgha, minmay_temple_entry_proselytizer
D:6:      layout_loops_ring, gammafunk_temple_overflow_elements,
          kennysheep_mini_moat, mainiacjoe_overflow_boulevard,
          mainiacjoe_overflow_paths
D:7:      layout_rooms, ebering_ghost_reflecting_pool
D:8:      minmay_imperfect_grid, layout_basic, general_overflow_altar,
          david_lair_generic, gammafunk_ghost_necromancy, uniq_psyche
D:9:      layout_stronghold, okawaru_trees_2, uniq_prince_ribbit1,
          uniq_jeremiah, uniq_harold, uniq_maggie
D:10:     layout_basic, erik_orc_1, gammafunk_ghost_abyssal_escape,
          serial_shops, shop, grunt_ministairs_11, uniq_fannar, uniq_sonja
D:11:     hangedman_screamer, layout_rooms, gammafunk_ghost_grave,
          uniq_josephine
D:13:     cheibrodos_wizards_tower, layout_rooms, erik_vaults_1, slow_altar_2,
          uniq_lodul, uniq_jorgrun
D:14:     layout_irregular_city, nicolae_sextant
Temple:   nicolae_temple_ecumenical_triangle

Skill      XL: |  1  2  3  4  5  6  7  8  9 10 11 12 |
---------------+-------------------------------------+-----
Stealth        | 1 2 3 4 |  4.0
Unarmed Combat | 3 4 5 7 9 11 13 16 | 16.4
Fighting       | 4 5 6 7 8 10 12 | 12.3
Dodging        | 4 5 7 8 |  8.0
Shields        | 4 |  4.0

Action                     |  1- 3 |  4- 6 |  7- 9 | 10-12 | 13-15 || total
---------------------------+-------+-------+-------+-------+-------++-------
  Melee: Unarmed           |    78 |    59 |   197 |   449 |    30 ||   813
         Constrict         |    23 |    15 |    36 |    72 |     4 ||   150
         Tentacles         |    14 |    16 |    50 |   118 |    11 ||   209
         Punch             |     1 |     1 |    11 |    46 |     3 ||    62
  Throw: Stone             |     1 |       |       |       |       ||     1
         Dart              |     1 |       |       |     1 |       ||     2
         Boomerang         |       |     4 |    13 |    22 |       ||    39
Ability: Lunge             |       |       |    19 |    63 |     4 ||    86
         Whirlwind         |       |       |       |    23 |     3 ||    26
         Wall Jump         |       |       |       |     7 |     1 ||     8
  Evoke: Wand              |       |       |       |     3 |       ||     3
    Use: Scroll            |     3 |     3 |     9 |     9 |     4 ||    28
         Potion            |       |     1 |       |     4 |       ||     5
   Stab: Sleeping          |     9 |     5 |    17 |    12 |       ||    43
         Distracted        |     1 |       |     1 |       |     1 ||     3
         Invisible         |       |       |       |     2 |       ||     2
 Armour: Skin              |    13 |    12 |    23 |    93 |    35 ||   176
  Dodge: Dodged            |    30 |    16 |    60 |   219 |    42 ||   367
  Block: Buckler           |    15 |    15 |    58 |   155 |    22 ||   265
         Reflection        |       |       |     3 |    10 |     1 ||    14
